Map: Terraform LE (Void)

Players

Gunawannabe

  • Race: Zerg Zerg
  • League: Silver

FCAvenger - Winner!

  • Race: Terran Terran
  • League: Silver

VOD

https://www.youtube.com/watch?v=f0WRLbVTkwU

Description

TVZ

Time

  • Played on: Oct. 14, 2015, 1:19 a.m.
  • Length: 16:08
Show
View Real Time Build Order
Export as new Build Order

Gunawannabe Zerg 

Build Orders: 3 Hatch before Pool 

Get SALT Encoding   

  12  0:01  Drone  
  13  0:12  Overlord  
  13  0:17  Drone  
  14  0:31  Drone x2  
  14  0:34  Drone  
  17  0:53  Hatchery  
  17  0:56  Drone  
  17  1:19  Hatchery  
  17  1:20  Drone  
  17  1:37  Spawning Pool  
  17  1:38  Extractor  
  15  1:40  Drone  
  16  1:52  Drone x3  
  19  2:04  Overlord  
  19  2:05  Drone  
  20  2:15  Drone  
  21  2:24  Queen  
  21  2:27  Queen  
  25  2:31  Drone  
  27  2:37  Drone x2  
  28  2:44  Drone x2  
  28  2:46  Drone  
  31  2:52  Metabolic Boost  
  31  2:58  Overlord  
  31  3:08  Drone x4  
  35  3:27  Queen  
  35  3:29  Drone x5  
  42  3:36  Baneling Nest  
  42  3:37  Overlord  
  41  3:49  Lair  
  41  3:51  Zergling x2  
  41  3:52  Overlord  
  41  3:53  Overlord  
  41  3:55  Overlord  
  42  4:02  Drone x4  
  46  4:12  Zergling x12  
  52  4:28  Queen  
  54  4:35  Zergling x2  
  54  4:36  Zergling x14  
  62  4:38  Baneling  
  62  4:39  Baneling x4  
  62  4:45  Overlord x2  
  62  4:46  Drone x4  
  66  4:55  Overseer  
  66  5:02  Zergling x10  
  71  5:19  Drone x10  
  81  5:22  Extractor  
  81  5:24  Extractor  
  79  5:38  Extractor  
  79  5:40  Overlord x6  
  78  6:00  Queen  
  78  6:01  Drone x6  
  78  6:02  Drone x2  
  88  6:04  Overseer x2  
  88  6:17  Extractor  
  87  6:20  Extractor  
  86  6:32  Evolution Chamber  
  85  6:34  Spire  
  85  6:35  Evolution Chamber  
  85  6:36  Hatchery  
  85  6:38  Hydralisk Den  
  81  6:43  Drone x13  
  86  7:01  Zergling x2  
  86  7:02  Zergling x16  
  86  7:05  Zerg Melee Weapons Level 1  
  95  7:08  Zerg Ground Armor Level 1  
  95  7:11  Muscular Augments  
  95  7:36  Spore Crawler  
  94  7:38  Spore Crawler  
  94  7:42  Spore Crawler  
  92  7:50  Drone x7  
  92  7:51  Drone x4  
  103  7:52  Overlord x4  
  103  8:23  Zergling x2  
  103  8:24  Drone x9  
  103  8:25  Drone x3  
  109  8:36  Zerg Flyer Weapons Level 1  
  109  8:37  Infestation Pit  
  108  8:57  Queen x2  
  108  9:01  Overlord x6  
  108  9:02  Overlord  
  114  9:05  Baneling x2  
  114  9:06  Baneling x4  
  114  9:11  Mutalisk x7  
  114  9:12  Mutalisk x3  
  134  9:23  Hive  
  129  9:32  Queen x2  
  126  9:48  Mutalisk x7  
  138  10:12  Mutalisk x4  
  146  10:28  Queen  
  148  10:42  Zerg Melee Weapons Level 2  
  148  10:43  Ultralisk Cavern  
  148  10:45  Zerg Ground Armor Level 2  
  119  11:32  Corruptor x4  
  111  11:33  Corruptor x3  
  111  11:38  Zergling x2  
  111  11:39  Zergling x40  
  146  11:43  Extractor  
  146  11:46  Extractor, Queen x3  
  150  11:47  Queen  
  150  11:48  Overlord x2  
  152  12:10  Hydralisk x4, Zergling x2  
  152  12:11  Drone, Zergling x4  
  152  12:15  Baneling x13  
  164  12:17  Corruptor  
  166  12:37  Corruptor x3  
  166  12:38  Corruptor  
  174  12:48  Zerg Flyer Armor Level 1  
  174  13:01  Corruptor x2  
  175  13:28  Centrifical Hooks  
  175  13:31  Corruptor  
  175  13:32  Corruptor x4  
  165  13:53  Corruptor x5  
  152  14:07  Mutalisk, Corruptor  
  152  14:08  Mutalisk  
  158  14:15  Hatchery  
  157  14:23  Chitinous Plating  
  157  14:25  Ultralisk  
  157  14:31  Zergling x24  
  159  14:32  Zergling x34  
  150  15:00  Corruptor x4  
  150  15:01  Corruptor x2  
  162  15:28  Drone x12  
Show
View Real Time Build Order
Export as new Build Order

FCAvenger Terran - Winner!

Build Orders: Command Center First (CC) 

Get SALT Encoding   

  12  0:01  SCV  
  13  0:13  SCV  
  14  0:25  SCV  
  14  0:26  Supply Depot  
  15  0:55  Command Center  
  15  0:57  SCV  
  16  1:09  SCV, Refinery  
  17  1:22  Barracks  
  17  1:23  SCV  
  18  1:35  SCV  
  18  1:39  Refinery  
  19  1:47  SCV  
  20  1:59  SCV  
  21  2:09  Marine  
  21  2:13  Bunker  
  22  2:16  Factory  
  22  2:22  Orbital Command  
  22  2:36  Orbital Command  
  22  2:38  Marine  
  23  2:49  Supply Depot  
  23  2:54  SCV  
  24  3:00  Marine  
  24  3:01  Factory Tech Lab  
  25  3:18  SCV x2  
  26  3:23  Siege Tank  
  26  3:24  Marine  
  30  3:30  SCV x2  
  32  3:38  Refinery x2, Infernal Pre-Igniter  
  32  3:42  SCV  
  33  3:50  Factory, Marine  
  34  3:55  SCV  
  34  3:56  SCV  
  36  4:11  Engineering Bay  
  36  4:12  Hellion  
  39  4:17  SCV x2  
  40  4:24  Barracks Reactor  
  40  4:30  SCV x2  
  42  4:35  Factory Reactor  
  42  4:40  Siege Tank  
  42  4:43  SCV  
  46  4:50  Supply Depot  
  46  4:51  Supply Depot  
  46  4:53  Supply Depot  
  46  4:54  Starport  
  46  5:12  SCV x2  
  48  5:18  Marine  
  48  5:19  Marine  
  48  5:20  Hellion x2  
  54  5:24  SCV x2  
  56  5:30  Siege Tank  
  59  5:36  SCV  
  60  5:45  Hellion x2  
  64  5:53  Starport Tech Lab  
  64  6:01  Command Center  
  64  6:04  Missile Turret  
  64  6:05  Armory  
  64  6:07  Armory  
  64  6:09  Missile Turret  
  64  6:19  Siege Tank  
  64  6:20  Hellion  
  64  6:21  SCV  
  64  6:25  Supply Depot, Hellion, SCV  
  73  6:27  Supply Depot  
  73  6:32  Starport  
  73  6:35  SCV, Fusion Core  
  73  6:37  SCV  
  65  7:03  Hellion x2  
  65  7:04  SCV x2, Hellion  
  73  7:12  Terran Ship Weapons Level 1  
  73  7:14  Terran Vehicle And Ship Armor Level 1  
  73  7:17  Liberator  
  73  7:18  Liberator  
  73  7:29  Hellion  
  77  7:30  Hellion x2  
  85  7:44  Bunker  
  85  7:53  Siege Tank  
  85  7:57  SCV x2  
  90  8:00  Planetary Fortress  
  90  8:09  SCV  
  91  8:16  Missile Turret  
  91  8:32  Battlecruiser  
  87  8:40  Hellion x3  
  93  8:47  Refinery  
  93  8:55  Liberator x2  
  93  9:00  SCV  
  93  9:01  SCV  
  101  9:21  Refinery  
  101  9:23  SCV x2  
  103  9:36  Starport  
  103  9:37  Starport  
  103  9:44  Hellion  
  103  9:45  Hellion x2  
  99  9:50  Marine  
  99  9:51  SCV x2  
  102  9:53  Battlecruiser  
  108  10:06  Hellion  
  107  10:14  Starport Tech Lab x2  
  107  10:16  Terran Vehicle And Ship Armor Level 2  
  107  10:38  Hellion  
  109  10:47  Supply Depot  
  109  10:49  Supply Depot  
  109  10:51  Supply Depot  
  109  10:55  Supply Depot  
  109  10:56  Hellion  
  109  11:03  Missile Turret  
  109  11:04  Battlecruiser  
  109  11:09  Battlecruiser  
  99  11:24  Missile Turret  
  90  11:27  Liberator  
  90  11:28  SCV  
  91  11:39  Command Center  
  91  11:40  SCV  
  91  11:42  Battlecruiser  
  103  11:47  Hellion x3, Marine  
  108  11:56  SCV x2  
  108  11:58  Missile Turret  
  110  12:03  Missile Turret  
  110  12:05  Missile Turret, Marine  
  110  12:07  Missile Turret  
  111  12:10  Missile Turret  
  111  12:11  Missile Turret  
  111  12:12  Missile Turret x2  
  111  12:14  Missile Turret  
  111  12:19  Battlecruiser  
  117  12:24  Hellion x2  
  117  12:25  Hellion, Missile Turret  
  117  12:26  SCV  
  117  12:27  Missile Turret  
  124  12:30  Missile Turret  
  124  12:32  Liberator  
  124  12:33  Liberator  
  124  12:37  Missile Turret x3  
  124  12:42  Supply Depot x2, Missile Turret  
  124  12:46  Hellion x3  
  136  12:51  Planetary Fortress  
  136  13:06  Refinery  
  136  13:07  Hellion, Refinery  
  138  13:14  Liberator x3  
  126  13:28  Hellion x2  
  126  13:29  Hellion  
  139  13:37  SCV  
  138  13:50  Hellion  
  131  14:05  SCV x2  
  133  14:12  Hellion  
  135  14:21  Weapon Refit  
  135  14:27  Command Center  
  135  14:38  Battlecruiser  
  131  15:01  Hellion x3  
  131  15:02  SCV x2  
Tags
 
Add a new tag
Caveats
  • Supply blocks, unpowered buildings, or Contaminate may cause inaccurate times.
  • Supply counts are checked every 10 seconds.